 Dungeon Crawl Stone Soup version 0.25-a0-265-g7af84ae0ac (webtiles) character file.

Game seed: 13738576702861173945, levelgen mode: deterministic

300 Barrydekale the Cutter (level 6, -1/41 HPs)
             Began as a Demonspawn Ice Elementalist on Dec 7, 2019.
             Was an Initiate of Ashenzari.
             Slain by an ogre
             ... wielding a +0 giant club
              (31 damage)
             ... on level 3 of the Dungeon.
             The game lasted 00:13:36 (4819 turns).

Barrydekale the Cutter (DsIE)                       Turns: 4819, Time: 00:13:37

Health: -1/41      AC:  4    Str:  8    XL:     6   Next: 13%
Magic:  4/9        EV: 11    Int: 18    God:    Ashenzari [......]
Gold:   231        SH:  0    Dex: 14    Spells: 7/9 levels left

rFire    . . .     SeeInvis .   d - +4 dagger
rCold    . . .     Gourm    .   (no shield)
rNeg     . . .     Faith    .   g - +0 leather armour
rPois    .         Spirit   .   h - +0 helmet
rElec    .         Reflect  .   (no cloak)
rCorr    .         Harm     .   (gloves unavailable)
MR       .....                  (no boots)
Stlth    ++........             (no amulet)
HPRegen  0.13/turn              (no ring)
MPRegen  0.11/turn              (no ring)

@: no status effects
A: claws 3
a: Curse Item, Renounce Religion


You were on level 3 of the Dungeon.
You worshipped Ashenzari.
Ashenzari was noncommittal.
You were hungry.

You visited 1 branch of the dungeon, and saw 4 of its levels.

You collected 231 gold pieces.

Inventory:

Hand Weapons
 d - a +4 dagger (weapon)
Missiles
 e - 136 stones (quivered)
Armour
 a - a +0 robe
 g - a +0 leather armour (worn)
 h - a +0 helmet (worn)
 j - a +0 pair of gloves
Wands
 i - a wand of digging (5)
Scrolls
 f - a scroll of teleportation {unknown}
 k - 3 scrolls of identify {unknown}
 m - a scroll of enchant armour {unknown}
 n - a scroll of noise {unknown}
 o - 3 scrolls of random uselessness {unknown}
 p - a scroll of fear {unknown}
 s - a scroll of magic mapping {unknown}
 t - 2 scrolls of remove curse
Potions
 l - a potion of flight
 r - a potion of might {unknown}
Comestibles
 c - 5 rations


   Skills:
 - Level 4.0 Short Blades
 - Level 1.7 Dodging
 - Level 4.0 Stealth
 - Level 2.0 Spellcasting
 + Level 1.0 Hexes
 - Level 3.8 Ice Magic


You had 7 spell levels left.
You knew the following spells:

 Your Spells              Type           Power        Failure   Level  Hunger
a - Freeze                Ice            ###.         5%          1    #......
b - Confusing Touch       Hex            #.....       17%         1    #......

Your spell library contained the following spells:

 Spells                   Type           Power        Failure   Level  Hunger
 Animate Skeleton         Necr           N/A          26%         1    #......
 Apportation              Tloc           #.....       26%         1    #......
 Summon Small Mammal      Summ           #...         26%         1    #......
 Ozocubu's Armour         Chrm/Ice       #.......     36%         3    ###....
 Hailstorm                Conj/Ice       #.......     77%         4    #####..
 Summon Ice Beast         Ice/Summ       #.......     77%         4    #####..


Dungeon Overview and Level Annotations

Branches:
Dungeon (4/15)
 Temple: D:4-7

Altars:
Ashenzari
Elyvilon
Gozag
Hepliaklqana
Kikubaaqudgha
Trog

Annotations:
D:4 Blork the orc


Innate Abilities, Weirdness & Mutations

You have claws for hands.


Message History

You freeze the ogre!
The ogre is severely wounded.
The ogre closely misses you.
Casting: Freeze (safe; 5% risk of failure)
Confirm with . or Enter, or press ? or * to list all spells.
Aiming: Freeze (safe; 5% risk of failure)
Press: ? - help, Shift-Dir - straight line, f/p - ogre
Aim: an ogre, wielding a +0 giant club (severely wounded)
You freeze the ogre.
The ogre is severely wounded.
Casting: Freeze (safe; 5% risk of failure)
Confirm with . or Enter, or press ? or * to list all spells.
Aiming: Freeze (safe; 5% risk of failure)
Press: ? - help, Shift-Dir - straight line, f/p - ogre
Aim: an ogre, wielding a +0 giant club (severely wounded)
You freeze the ogre.
The ogre is almost dead.
The ogre hits you with a +0 giant club!!
Ouch! That really hurt!
You die...

########'## #..###...#
#.# .......#.# #..#
#...# #.# .#####.#.#
#..###...# #.# .#
#.#.####.....>..# #.#
.#####....#....###.###
#.# .##............#
#.# #..
.##.##...[#.#..# #.#
###
....##.#.##.#..###.#
....##.#.##.#...@O.#
.......#.##.##.#####
.#######.##.##.# ####
.# #.##.##.# ##.#. ##
#.##....# #.... .#
#.############## ##.#.
.#######.# #.....#
#....
.......#.########.###.#
##.#.
.#####.#.#........#
#.### #....


You could see an ogre.

Vanquished Creatures
  A hound (D:3)
  Terence (D:2)
  Natasha (twice) (D:4)
  2 worker ants (D:3)
  Robin (D:2)
  4 adders
  2 oozes (D:2)
  2 worms
  2 dart slugs
  2 leopard geckos
  2 ball pythons
  4 giant cockroaches
  11 goblins
  7 hobgoblins
  6 jackals
  A quokka (D:3)
  11 bats
  7 frilled lizards
  13 kobolds
  A quokka skeleton (D:4)
  5 rats
87 creatures vanquished.

Notes
Turn   | Place    | Note
-------+----------+-------------------------------------------
     0 | D:1      | Barrydekale the Demonspawn Ice Elementalist began the quest
                  | for the Orb.
     0 | D:1      | Reached XP level 1. HP: 13/13 MP: 3/3
   303 | D:1      | Reached skill level 1 in Short Blades
   489 | D:1      | Gained mutation: You have sharp fingernails. [demonic
                  | ancestry]
   489 | D:1      | Reached XP level 2. HP: 19/19 MP: 5/5
  1165 | D:2      | Reached XP level 3. HP: 21/24 MP: 6/6
  1394 | D:2      | Noticed Terence
  1602 | D:2      | Found a bloodstained altar of Trog.
  1608 | D:2      | Killed Terence
  1608 | D:2      | Reached XP level 4. HP: 23/30 MP: 2/7
  1990 | D:2      | Found a shattered altar of Ashenzari.
  1999 | D:2      | Became a worshipper of Ashenzari the Shackled
  2011 | D:2      | Noticed Robin
  2315 | D:2      | Killed Robin
  3000 | D:2      | Gained mutation: You have very sharp fingernails. [demonic
                  | ancestry]
  3000 | D:2      | Reached XP level 5. HP: 35/35 MP: 8/8
  3040 | D:2      | Found an opulent altar of Gozag.
  3225 | D:3      | Found a hazy altar of Hepliaklqana.
  3411 | D:3      | Found a white marble altar of Elyvilon.
  3679 | D:3      | Found an ancient bone altar of Kikubaaqudgha.
  4045 | D:4      | Noticed Natasha
  4282 | D:4      | Noticed an ogre
  4403 | D:4      | Noticed an ogre
  4472 | D:4      | Killed Natasha
  4472 | D:4      | Gained mutation: You have claws for hands. [demonic
                  | ancestry]
  4472 | D:4      | Reached XP level 6. HP: 23/41 MP: 4/9
  4474 | D:4      | Noticed Blork the orc
  4480 | D:3      | Learned a level 1 spell: Confusing Touch
  4649 | D:4      | Noticed Natasha
  4658 | D:4      | Killed Natasha
  4658 | D:4      | Reached skill level 1 in Hexes
  4819 | D:3      | Slain by an ogre

Levels and vault maps discovered:
D:1:      roderic_lyre, layout_basic
D:2:      layout_loops_ring, nicolae_gozag_seed_capital, bloody_trog,
          ashenzari_altar_1, uniq_terence, uniq_robin
D:3:      layout_loops_corners, lemuel_crystal_altar, old_standard_altar,
          lemuel_doored_altar, st_stairs_12
D:4:      layout_rooms, lemuel_crystal_altar, first_ration,
          fedhas_altar_fruit_tree, uniq_natasha, uniq_blork_the_orc

Skill      XL: |  1  2  3  4  5  6 |
---------------+-------------------+-----
Short Blades   | 1 2 3 4 |  4.0
Stealth        | 2 4 |  4.0
Hexes          | 1 |  1.0
Dodging        | |  1.7
Spellcasting   | |  2.0
Ice Magic      | |  3.8

Action                   |  1- 3 |  4- 6 || total
-------------------------+-------+-------++-------
Melee: Dagger            |    62 |   133 ||   195
       Unarmed           |     2 |       ||     2
Throw: Stone             |     2 |       ||     2
 Cast: Freeze            |    15 |    74 ||    89
  Use: Potion            |       |     4 ||     4
 Stab: Sleeping          |     2 |     4 ||     6
  Eat: Chunk             |     2 |    11 ||    13
Armor: Robe              |     5 |       ||     5
       Leather armour    |    19 |    70 ||    89
Dodge: Dodged            |    61 |   121 ||   182

Table legend:
 A = Non-vault XP
 B = Vault XP
 C = Vault XP percentage of total XP
 D = Non-vault monster count
 E = Vault monster count
 F = Vault count percentage of total count
                 A         B        C        D         E       F
            +---------+---------+-------+---------+---------+-------
      Total |     317 |     112 |  26.1 |      71 |      16 |  18.4
            +---------+---------+-------+---------+---------+-------
        D:1 |      27 |       1 |   3.6 |      18 |       1 |   5.3
        D:2 |     100 |      70 |  41.2 |      28 |      12 |  30.0
        D:3 |     149 |       6 |   3.9 |      20 |       2 |   9.1
        D:4 |      41 |      35 |  46.1 |       5 |       1 |  16.7
            +---------+---------+-------+---------+---------+-------
